Map: Catalyst LE

Players

Optimus

  • Race: Terran Terran
  • Spawn Location: 11:00

Bly - Winner!

  • Race: Zerg Zerg
  • Spawn Location: 5:00

Event: WCS Valencia 2018

VOD

Have the link to the VOD?

Description

Time

  • Played on: July 12, 2018, 12:06 p.m.
  • Length: 8:55

All games in this series

Show
View Real Time Build Order
Export as new Build Order

Optimus Terran 

Build Orders: Reaper Expand 

Get SALT Encoding   

  12  0:00  SCV  
  13  0:12  SCV  
  14  0:17  Supply Depot  
  14  0:24  SCV  
  15  0:38  SCV  
  15  0:40  Barracks  
  16  0:44  Refinery  
  16  0:51  SCV  
  17  1:03  SCV  
  18  1:15  SCV  
  19  1:27  Reaper, Orbital Command  
  20  1:43  Command Center  
  20  1:50  Supply Depot  
  21  1:54  SCV  
  21  1:59  Marine  
  22  2:07  Factory  
  22  2:10  SCV  
  22  2:15  Refinery  
  23  2:21  Barracks Reactor  
  23  2:22  SCV  
  24  2:35  SCV  
  25  2:47  SCV  
  26  2:59  Starport, SCV  
  27  3:06  Hellion x2  
  27  3:07  Barracks Tech Lab  
  31  3:14  SCV  
  31  3:15  Orbital Command  
  32  3:26  SCV  
  33  3:30  Bunker  
  33  3:35  Siege Tank  
  33  3:38  SCV  
  33  3:39  Bunker  
  37  3:43  Marine x2  
  37  3:46  Medivac  
  41  3:55  SCV  
  41  4:06  SCV  
  41  4:09  SCV  
  39  4:11  Marine x2  
  40  4:18  Supply Depot  
  40  4:19  Supply Depot  
  39  4:33  Cloaking Field  
  39  4:37  Supply Depot  
  39  4:40  SCV, Marine x2, Banshee  
  39  4:44  Orbital Command  
  44  4:52  SCV  
  42  4:58  Supply Depot  
  42  5:00  Marine  
  42  5:01  Marine, Orbital Command  
  42  5:04  SCV  
  45  5:16  SCV  
  46  5:21  Factory Tech Lab  
  46  5:22  Marine x2  
  46  5:23  Banshee  
  46  5:27  SCV  
  52  5:28  SCV  
  53  5:39  SCV, Barracks x2  
  53  5:41  SCV, Siege Tank  
  58  5:44  Marine x2  
  60  5:51  SCV  
  60  5:53  SCV  
  62  6:01  Engineering Bay  
  62  6:03  SCV  
  63  6:05  SCV  
  64  6:11  Starport Reactor  
  64  6:12  Marine  
  64  6:13  Stimpack  
  64  6:14  Barracks  
  64  6:15  SCV, Barracks  
  64  6:17  Siege Tank  
  60  6:19  SCV  
  58  6:28  Barracks Reactor  
  58  6:29  Terran Infantry Weapons Level 1  
  58  6:30  SCV  
  58  6:31  Marine  
  58  6:32  Refinery  
  60  6:37  Supply Depot  
  60  6:41  Marine x2  
  60  6:42  SCV x2  
  64  6:47  Refinery  
  64  6:48  Supply Depot  
  64  6:49  Marine  
  65  6:54  SCV  
  65  6:56  Medivac  
  65  6:59  Medivac  
  65  7:00  Marine x3  
  70  7:02  Marine  
  70  7:07  Marine  
  72  7:11  Supply Depot  
  72  7:12  Marine x2  
  74  7:17  Siege Tank  
  74  7:18  Marine x3  
  80  7:23  Marine  
  80  7:25  Marine  
  82  7:30  Supply Depot, Marine x2  
  82  7:35  Marine  
  82  7:36  Marine x2  
  87  7:38  Medivac x2  
  87  7:41  Marine  
  87  7:43  Marine  
  93  7:46  Supply Depot  
  93  7:52  Supply Depot  
  93  7:54  Marine x2  
  93  7:57  Supply Depot  
  95  8:05  SCV x2  
  94  8:14  Siege Tank  
  94  8:15  Marine x2, Marauder  
  94  8:16  Marine x3  
  98  8:24  Medivac x2  
  93  8:28  Marine  
Show
View Real Time Build Order
Export as new Build Order

Bly Zerg - Winner!

Build Orders: Pool First 

Get SALT Encoding   

  12  0:01  Drone  
  13  0:12  Overlord  
  13  0:16  Drone  
  14  0:31  Drone x2  
  17  0:35  Drone  
  17  0:45  Spawning Pool  
  17  0:49  Drone  
  17  0:58  Drone  
  18  1:05  Extractor  
  17  1:13  Hatchery  
  17  1:17  Drone  
  17  1:32  Zergling x2  
  17  1:33  Zergling x2  
  17  1:34  Queen  
  21  1:43  Overlord  
  21  1:51  Drone  
  22  2:02  Roach Warren  
  22  2:08  Drone  
  22  2:13  Queen  
  22  2:15  Drone  
  25  2:44  Roach x5  
  34  2:59  Overlord  
  34  3:03  Overlord  
  34  3:05  Drone x3  
  36  3:16  Overlord  
  36  3:19  Ravager x2  
  38  3:20  Drone  
  39  3:27  Drone x3  
  39  3:32  Drone x2  
  44  3:42  Ravager  
  44  3:46  Drone x2  
  44  3:47  Drone x3  
  50  4:04  Drone x2  
  52  4:10  Drone x3  
  52  4:13  Ravager  
  52  4:16  Overlord  
  56  4:24  Drone  
  56  4:25  Drone x3  
  56  4:26  Hatchery  
  59  4:31  Extractor  
  59  4:35  Queen  
  58  4:48  Drone x4  
  58  4:49  Drone x5  
  67  4:53  Lair  
  67  4:54  Spore Crawler  
  67  4:57  Spore Crawler  
  67  4:58  Extractor  
  67  4:59  Evolution Chamber  
  63  5:10  Drone x2  
  63  5:12  Extractor  
  64  5:14  Overlord  
  64  5:23  Overlord  
  64  5:24  Zerg Ground Armor Level 1  
  64  5:25  Spore Crawler  
  63  5:31  Drone x5  
  63  5:34  Overlord x2  
  68  5:37  Overlord  
  68  5:39  Queen  
  70  5:43  Roach  
  70  5:44  Roach x2  
  76  5:50  Overlord  
  76  5:56  Overseer  
  76  6:01  Glial Reconstitution  
  76  6:03  Drone  
  76  6:04  Drone x4  
  78  6:05  Infestation Pit  
  77  6:17  Drone x8  
  83  6:26  Drone  
  83  6:27  Drone x2  
  83  6:29  Overseer  
  83  6:31  Drone  
  87  6:32  Extractor  
  87  6:33  Extractor  
  85  6:42  Hive  
  85  6:43  Infestor  
  87  6:52  Hatchery  
  86  7:01  Drone x5  
  86  7:02  Drone  
  86  7:05  Overlord, Drone  
  96  7:08  Roach x3  
  96  7:10  Queen x2  
  99  7:18  Roach x3  
  105  7:29  Overlord  
  105  7:30  Roach x2, Evolution Chamber  
  105  7:33  Roach  
  105  7:34  Roach  
  112  7:40  Roach  
  114  7:51  Roach x3  
  120  7:56  Roach  
  120  7:57  Roach x2, Ultralisk Cavern  
  125  7:59  Overlord  
  125  8:02  Overlord  
  125  8:11  Roach x5  
  127  8:23  Roach x3  
  127  8:24  Roach x4  
  138  8:27  Ravager  
  138  8:35  Roach x7  
Tags
 
Add a new tag
Caveats
  • Supply blocks, unpowered buildings, or Contaminate may cause inaccurate times.
  • Supply counts are checked every 10 seconds.